 Dungeon Crawl Stone Soup version 0.29.1-12-g30fa7ad0bf (webtiles) character file.

Game seed: 13629195594250952828

21 raph the Grave Robber (level 2, 0/19 HPs)
             Began as a Demonspawn Necromancer on Dec 22, 2022.
             Slain by Terence
             ... wielding a +0 hand axe
              (5 damage)
             ... on level 2 of the Dungeon.
             The game lasted 00:01:53 (1718 turns).

raph the Grave Robber (Demonspawn Necromancer)      Turns: 1718, Time: 00:01:54

Health: 0/19       AC:  5    Str:  8    XL:     2   Next: 65%
Magic:  0/5        EV: 11    Int: 16    God:
Gold:   103        SH:  0    Dex: 13    Spells: 4/5 levels left

rFire   . . .      SeeInvis .   j - +0 whip
rCold   . . .      Faith    .   (no shield)
rNeg    . . .      Spirit   .   g - +0 leather armour {rPois}
rPois   +          Reflect  .   l - +0 hat
rElec   .          Harm     .   (no cloak)
rCorr   +          Rampage  .   (no gloves)
Will    .....                   (no boots)
Stlth   ++........              (no amulet)
HPRegen 0.06/turn               i - ring of resist corrosion
MPRegen 0.09/turn               (no ring)

@: no status effects
A: molten scales 1
a: no special abilities


You were on level 2 of the Dungeon.
You visited 1 branch of the dungeon, and saw 2 of its levels.

You collected 103 gold pieces.

Inventory:

Hand Weapons
 j - a +0 whip (weapon)
Missiles
 e - 5 poisoned darts
Armour
 a - a +0 robe
 g - a +0 leather armour of poison resistance (worn)
 l - a +0 hat (worn)
Jewellery
 f - an amulet of faith
 i - a ring of resist corrosion (left hand)
Scrolls
 d - 2 scrolls of identify {unknown}
 h - a scroll of immolation {unknown}
Potions
 b - a potion of magic
 c - 2 potions of heal wounds {unknown}
 k - a potion of attraction {unknown}


   Skills:
 - Level 1.7 Dodging
 - Level 1.7 Stealth
 + Level 2.3 Spellcasting
 * Level 5.0 Necromancy


You had 4 spell levels left.
You knew the following spells:

 Your Spells              Type           Power      Damage    Failure   Level
a - Necrotise             Necr           72%        1d7       3%          1

Your spell library contained the following spells:

 Spells                   Type           Power      Damage    Failure   Level
 Vampiric Draining        Necr           18%        2d7       11%         3
 Animate Dead             Necr           18%        N/A       36%         4
 Agony                    Necr           18%        N/A       71%         5


Dungeon Overview and Level Annotations

Branches:
Dungeon (2/15)

Altars:

Annotations:
D:2 Terence


Innate Abilities, Weirdness & Mutations

You are partially covered in molten scales. (AC +2)


Message History

Terence says, "Time to say good-bye..."
Aiming: Necrotise (safe; 3% risk of failure)
Press: ? - help, Q - select action, (/) - cycle Shift-Dir - straight line, f/p - Terence
Aim: Terence, wielding a +0 hand axe and wearing a +0 scale mail (moderately wounded, ally target, chance to affect: 83%) Terence writhes in agony.
Terence hits you with a +0 hand axe.
Aiming: Necrotise (safe; 3% risk of failure)
Press: ? - help, Q - select action, (/) - cycle Shift-Dir - straight line, f/p - Terence
Aim: Terence, wielding a +0 hand axe and wearing a +0 scale mail (heavily wounded, ally target, chance to affect: 83%) Terence barely resists.
Terence hits you with a +0 hand axe.
Terence barely misses your rat skeleton.
Aiming: Necrotise (safe; 3% risk of failure)
Press: ? - help, Q - select action, (/) - cycle Shift-Dir - straight line, f/p - Terence
Aim: Terence, wielding a +0 hand axe and wearing a +0 scale mail (heavily wounded, ally target, chance to affect: 83%) Terence writhes in agony!
Your rat skeleton misses Terence.
Terence hits you with a +0 hand axe.
Terence hits your rat skeleton with a +0 hand axe.
Aiming: Necrotise (safe; 3% risk of failure)
Press: ? - help, Q - select action, (/) - cycle Shift-Dir - straight line, f/p - Terence
Aim: Terence, wielding a +0 hand axe and wearing a +0 scale mail (severely wounded, ally target, chance to affect: 83%) Terence writhes in agony.
Terence hits you but does no damage.
Terence hits your rat skeleton but does no damage.
Your rat skeleton bites Terence but does no damage.
You hit Terence but do no damage.
Terence is almost dead.
Terence closely misses you.
Terence hits your rat skeleton with a +0 hand axe.
Your rat skeleton is destroyed!
You hit Terence.
Terence is almost dead.
Terence hits you with a +0 hand axe.
* * * LOW HITPOINT WARNING * * *
You closely miss Terence.
Terence is almost dead.
Terence hits you but does no damage. Terence attacks as you move away!
Terence completely misses you. Terence attacks as you move away!
Terence hits you with a +0 hand axe.
You die...

#.....# #.# #
#.....# #.# #
#.....# #.#
#.....# #.#
#.....# #.# #+
#.....###.# #.
#.........#
#.##.#########
#.@@....#
#.......#
#.......#
#.##.#### #.
#.# .. #.# .##
#.# #. ..#


You could see Terence.

Vanquished Creatures
  A dart slug (D:1)
  A bat (D:2)
  2 endoplasms
  A goblin (D:2)
  2 hobgoblins (D:1)
  2 jackals (D:1)
  A kobold (D:1)
  A quokka (D:2)
  2 ball pythons
  A frilled lizard (D:1)
  A rat (D:2)
15 creatures vanquished.

Vanquished Creatures (collateral kills)
  A ball python (D:1)
  A rat (D:1)
2 creatures vanquished.

Vanquished Creatures (others)
  A fungus (D:1)
  4 toadstools (D:1)
5 creatures vanquished.

Grand Total: 22 creatures vanquished

Notes
Turn   | Place    | Note
-------+----------+-------------------------------------------
     0 | D:1      | raph the Demonspawn Necromancer began the quest for the
                  | Orb.
     0 | D:1      | Reached XP level 1. HP: 13/13 MP: 3/3
   224 | D:1      | Found a faded altar of an unknown god.
   728 | D:1      | Gained mutation: You are partially covered in molten
                  | scales. (AC +2) [demonic ancestry]
   728 | D:1      | Reached XP level 2. HP: 19/19 MP: 1/5
  1636 | D:2      | Reached skill level 5 in Necromancy
  1708 | D:2      | Noticed Terence
  1718 | D:2      | Slain by Terence

Illustrated notes

Levels and vault maps discovered:
D:1:      minmay_arrival_doors, layout_basic,
          chequers_ecumenical_altar_simple_redux, minmay_gold_behind_fungi,
          minmay_strange_pillars
D:2:      layout_basic, serial_bayou_pond_d, uniq_terence

Skill      XL: |  1  2 |
---------------+-------+-----
Necromancy     | 5 |  5.0
Dodging        | |  1.7
Stealth        | |  1.7
Spellcasting   | |  2.3

Action                   || total
-------------------------++-------
Melee: Unarmed           ||     9
       Whip              ||    11
 Cast: Necrotise         ||    28
Armor: Leather armour    ||     9
Dodge: Dodged            ||     9
